 Dungeon Crawl Stone Soup version 0.28.0 (webtiles) character file.

Game seed: 447243631307037759

93164 browni3141 the Tortoise (level 15, -2/141 HPs)
             Began as a Minotaur Berserker on Feb 17, 2022.
             Was a High Priest of Trog.
             Slain by a demonic crawler (7 damage)
             ... on level 1 of the Spider Nest.
             The game lasted 00:17:17 (25352 turns).

browni3141 the Tortoise (Minotaur Berserker)       Turns: 25352, Time: 00:17:18

Health: -2/141     AC: 26    Str: 28    XL:     15   Next: 59%
Magic:  14/14      EV: 17    Int:  8    God:    Trog [*****.]
Gold:   2153       SH:  0    Dex: 11    Spells: 14/14 levels left

rFire   x . .      SeeInvis .   V - +3 executioner's axe (flame)
rCold   + + .      Faith    +   (shield currently unavailable)
rNeg    + . .      Spirit   .   i - +5 ring mail "Quothaos" {rPois rF- rC+ rCorr}
rPois   +          Reflect  .   (helmet restricted)
rElec   .          Harm     .   b - +0 cloak
rCorr   +          Rampage  .   h - +3 pair of gauntlets of War {Slay+5}
Will    ++++.                   m - +0 pair of boots
Stlth   +.........              Z - amulet "Toazavva" {Faith rC+ rN+ Int+4}
HPRegen 1.33/turn               O - +4 ring of protection
MPRegen 0.14/turn               M - ring of willpower

@: strong-willed, on berserk cooldown, regenerating, slowed, very slow
A: horns 2, retaliatory headbutt
a: Renounce Religion, Berserk, Trog's Hand, Brothers in Arms


You were on level 1 of the Spider Nest.
You worshipped Trog.
Trog was extremely pleased with you.
You visited 5 branches of the dungeon, and saw 24 of its levels.

You collected 2233 gold pieces.
You spent 80 gold pieces at shops.


Innate Abilities, Weirdness & Mutations

You have a pair of horns on your head.
You reflexively headbutt those who attack you in melee.


   Skills:
 + Level 15.6 Fighting
 - Level 18.0 Axes
 * Level 18.1 Armour
 - Level 15.2 Dodging


You had 14 spell levels left.
You didn't know any spells.
Your spell library was empty.

Inventory:

Hand Weapons
 I - a +0 broad axe
 V - a +3 executioner's axe of flaming (weapon)
 X - the +6 battleaxe of Ikak Wuh {flame, rF+++ rCorr Int-5 Stlth+}
   (Trog gifted it to you on level 6 of the Lair of Beasts)

   It burns those it strikes, dealing additional fire damage.
   Big, fiery blades are also staple armaments of hydra-hunters.
   Int:       It affects your intelligence (-5).
   rF:        It renders you almost immune to fire.
   rCorr:     It protects you from acid and corrosion.
   Stlth:     It makes you more stealthy.
Missiles
 A - 2 curare-tipped darts (quivered) {@f4}
Armour
 b - a +0 cloak (worn)
 h - the +3 pair of gauntlets of War (worn) {Slay+5}
   (You acquired it on level 10 of the Dungeon)

   Slay:      It affects your accuracy & damage with ranged weapons and melee
   (+5).
 i - the +5 ring mail "Quothaos" (worn) {rPois rF- rC+ rCorr}
   (You found it on level 3 of the Dungeon)

   rF:        It makes you vulnerable to fire.
   rC:        It protects you from cold.
   rPois:     It protects you from poison.
   rCorr:     It protects you from acid and corrosion.
 m - a +0 pair of boots (worn)
Jewellery
 f - a ring of fire
 C - a ring of ice
 F - a ring of fire
 M - a ring of willpower (right hand)
 O - a +4 ring of protection (left hand)
 Z - the amulet "Toazavva" (around neck) {Faith rC+ rN+ Int+4}
   (You found it on level 6 of the Lair of Beasts)

   [amulet of faith]

   It allows you to gain divine favour quickly.
   Int:       It affects your intelligence (+4).
   rC:        It protects you from cold.
   rN:        It protects you from negative energy.
Wands
 t - a wand of iceblast (17)
 x - a wand of flame (32)
 y - a wand of polymorph (30)
 G - a wand of acid (4)
Scrolls
 d - 4 scrolls of teleportation {@r4}
 n - 4 scrolls of enchant armour
 o - a scroll of noise {!r}
 q - 4 scrolls of blinking {@r3}
 s - 6 scrolls of enchant weapon
 z - a scroll of immolation {!r}
 B - a scroll of holy word
 D - 2 scrolls of vulnerability {!r}
 E - a scroll of magic mapping
 H - 4 scrolls of summoning
 R - a scroll of fog {@r5}
 T - a scroll of silence {unknown}
Potions
 a - a potion of cancellation {unknown}
 c - 3 potions of lignification {unknown}
 e - 2 potions of invisibility {unknown}
 j - 3 potions of brilliance {unknown}
 k - 4 potions of magic
 l - 2 potions of heal wounds {@q2}
 p - a potion of mutation {unknown}
 u - 3 potions of curing {unknown}
 v - 2 potions of attraction {unknown}
 K - 2 potions of haste {unknown}
 L - a potion of ambrosia {unknown}
 P - a potion of flight {unknown}
 Q - a potion of berserk rage {!q}
 S - 2 potions of degeneration {unknown}
 U - a potion of might {unknown}
Miscellaneous
 W - a box of beasts
 Y - a tin of tremorstones (1/2) {@f1}

Dungeon Overview and Level Annotations

Branches:
Dungeon (14/15)            Temple (1/1) D:7            Lair (6/6) D:9
  Swamp (0/4) Lair:4       Spider (1/4) Lair:4        Slime (0/5) Lair:5
    Orc (2/2) D:9             Elf (0/3) Orc:2
 Vaults: D:13-14

Altars:
Dithmenos
Elyvilon
Fedhas
Hepliaklqana
Qazlal
Wu Jian
The Shining One

Shops:
D:4 *   D:5 :*(=   Orc:2 *?*?:

Portals:
Trove: D:10 (give 4 potions of resistance)

...............###..........#
.................#............
#....^.s..|...................
#........................†..†.
............................>.
..............................
.>........s.s....<.......(....
.......†..wwsT................
......†..†.#s@#.#..#[#.#...##.
......†††s##############...###
......†....# ##.##
.......^..## ... ..........#
##.(# ...$....... ..##
...........# ... ............
............#


You could see 2 torpor snails, 2 demonic crawlers, a jumping spider, 2
tarantellas and a friendly troll (summoned, berserk, slow).


Message History

The demonic crawler misses you.
The demonic crawler shrieks in warning!
Your troll goes berserk!
The torpor snail's soul is no longer bound. x2
The tarantella closely misses you.
The demonic crawler hits you but does no damage.
The demonic crawler misses you.
The demonic crawler hits you but does no damage.
The jumping spider leaps!
The tarantella touches you.
* * * LOW HITPOINT WARNING * * *
The demonic crawler hits you but does no damage.
The demonic crawler hits you!
* * * LOW HITPOINT WARNING * * *
The demonic crawler hits you but does no damage.
You feel yourself speed up. The tarantella touches you!
* * * LOW HITPOINT WARNING * * *
The tarantella completely misses you. You furiously retaliate!
You headbutt the tarantella!!
Being near the torpor snail leaves you feeling lethargic.
The demonic crawler barely misses your troll.
The demonic crawler hits your troll!
The demonic crawler barely misses your troll.
Your troll bites the demonic crawler!!
The demonic crawler dies!
Trog accepts your kill. The demonic crawler barely misses you.
You furiously retaliate!
You headbutt the demonic crawler! The demonic crawler misses you.
The demonic crawler hits you!
You die...

Skill      XL: |  1  2  3  4  5  6  7  8  9 10 11 12 13 14 15 |
---------------+----------------------------------------------+-----
Axes           | 4 5 6 7 8 10 12 14 15 17 18 | 18.0
Fighting       | 4 5 6 7 9 10 11 12 14 15 | 15.6
Dodging        | 3 4 5 6 7 9 11 12 14 15 | 15.2
Armour         | 3 4 5 6 7 8 9 11 12 16 18 | 18.1

Action                   |  1- 3 |  4- 6 |  7- 9 | 10-12 | 13-15 || total
-------------------------+-------+-------+-------+-------+-------++-------
Melee: Hand axe          |    73 |   137 |   207 |       |       ||   417
       Headbutt          |     7 |    19 |    44 |    91 |   108 ||   269
       Punch             |     1 |     3 |     6 |     3 |       ||    13
       War axe           |       |       |    35 |   246 |       ||   281
       Broad axe         |       |       |       |   190 |    12 ||   202
       Battleaxe         |       |       |       |       |   147 ||   147
       Executioner's axe |       |       |       |       |   377 ||   377
Throw: Dart              |       |       |       |     2 |       ||     2
Invok: Berserk           |       |     1 |     9 |    16 |    16 ||    42
       Trog's Hand       |       |       |       |     3 |     4 ||     7
       Brothers in Arms  |       |       |       |       |     2 ||     2
Evoke: Wand              |       |       |       |     2 |       ||     2
       Tin of tremorston |       |       |       |       |     2 ||     2
  Use: Scroll            |       |       |       |    13 |     5 ||    18
Armor: Animal skin       |    25 |       |       |       |       ||    25
       Scale mail        |     2 |       |       |       |       ||     2
       Ring mail         |       |    74 |   137 |   251 |   435 ||   897
Dodge: Dodged            |    54 |    65 |   215 |   350 |   713 ||  1397

Levels and vault maps discovered:
D:1:      lemuel_arrival_behind_the_door_large, layout_loops_ring, serial_glass,
          glass_columns_b, glass_columns_a, item_on_display_a
D:2:      layout_rooms, hellmonk_ecumenical_altar_prayer_group
D:3:      layout_basic, palyth_stone_intersect
D:4:      layout_basic, nicolae_shop_overcharged_wands
D:5:      layout_loops_ring, serial_shops, nicolae_shop_bloodbath_and_beyond,
          nicolae_shop_advertising_works [nicolae_subvault_shop_adworks], shop,
          nicolae_diamond_shop
D:6:      minmay_angry_zag, layout_basic
D:7:      layout_rooms, temple_hall, st_stairs_3, hangedman_feature_mirror
D:8:      layout_cave_pods, uniq_grum
D:9:      layout_gridville, grunt_qazlal_sundering, david_lair_generic,
          orc_0_dummy
D:10:     layout_basic, enter_trove_6
D:11:     layout_basic, uniq_erolcha, uniq_snorg, uniq_sonja
D:12:     layout_cave_pools, minivault_7
D:13:     layout_rooms, grunt_vaults_entry_fortified, kennysheep_generic_room_9
D:14:     layout_loops_ring, grunt_decor_mini_mirrors, gammafunk_ghost_spectres
Temple:   nicolae_temple_the_god_donut
Lair:1:   layout_cave_pods, infiniplex_staircase_pool, grunt_megastairs_2
Lair:2:   layout_regular_city, serial_bayou_crossing
Lair:3:   layout_hall_layers, serial_bayou_ford_a, serial_bayou_shore_b,
          grunt_megastairs_3, uniq_fannar
Lair:4:   layout_cave_pods, swamp_mist, nicolae_spider_entry_tight_spaces,
          minivault_26, uniq_rupert
Lair:5:   layout_gridlike, minmay_slime_entry_eyes, gammafunk_lair_bear_cave
Lair:6:   minmay_lair_end_frog_pond, layout_loops_ring,
          portal_ice_cave_entry_pillars_2, basic_altar, uniq_josephine
Spider:1: nicolae_spider_hilbert_zone_1 [nicolae_spider_hilbert_4_sides_1_open,
          nicolae_spider_hilbert_4_sides_1_open,
          nicolae_spider_hilbert_4_sides_1_open,
          nicolae_spider_hilbert_4_sides_1_open,
          nicolae_spider_hilbert_3_sides_1_open,
          nicolae_spider_hilbert_3_sides_1_open,
          nicolae_spider_hilbert_3_sides_1_open,
          nicolae_spider_hilbert_3_sides_1_open,
          nicolae_spider_hilbert_3_sides_1_open,
          nicolae_spider_hilbert_6_sides_1_open,
          nicolae_spider_hilbert_6_sides_1_open,
          nicolae_spider_hilbert_3_sides_1_open,
          nicolae_spider_hilbert_3_sides_1_open,
          nicolae_spider_hilbert_3_sides_1_open,
          nicolae_spider_hilbert_3_sides_1_open,
          nicolae_spider_hilbert_2_sides_1_open], worms_lemuel
Orc:1:    layout_diamond_mine, minmay_orc_barracks
Orc:2:    st_orc_rangers, layout_caves, serial_shops, shop

Notes
Turn   | Place    | Note
-------+----------+-------------------------------------------
     0 | D:1      | browni3141 the Minotaur Berserker began the quest for the
                  | Orb.
     0 | D:1      | Reached XP level 1. HP: 19/19 MP: 0/0
   255 | D:1      | Reached XP level 2. HP: 27/27 MP: 1/1
   357 | D:1      | Reached skill level 4 in Axes
   679 | D:1      | Reached skill level 4 in Fighting
   813 | D:2      | Reached XP level 3. HP: 33/33 MP: 2/2
   858 | D:2      | Reached ** piety under Trog
   991 | D:2      | Found a faded altar of an unknown god.
  1227 | D:3      | Reached skill level 3 in Dodging
  1238 | D:3      | Noticed a scorpion
  1242 | D:3      | Killed a scorpion
  1243 | D:3      | Reached skill level 3 in Armour
  1243 | D:3      | Reached XP level 4. HP: 34/40 MP: 3/3
  1292 | D:3      | Identified the +5 ring mail "Quothaos" {rPois rF- rC+
                  | rCorr}
  1574 | D:3      | Reached XP level 5. HP: 47/47 MP: 4/4
  1702 | D:3      | Reached skill level 5 in Axes
  2172 | D:4      | Reached skill level 4 in Dodging
  2242 | D:4      | Reached *** piety under Trog
  2414 | D:4      | Reached XP level 6. HP: 48/53 MP: 5/5
  2423 | D:4      | Found Enyniw's Overcharged Wands.
  2686 | D:5      | Entered Level 5 of the Dungeon
  2754 | D:5      | Found Ihiroy's Weapon Emporium.
  2808 | D:5      | Reached skill level 4 in Armour
  2829 | D:5      | Reached skill level 5 in Fighting
  2829 | D:5      | Reached skill level 6 in Axes
  2842 | D:5      | Reached skill level 5 in Dodging
  2872 | D:5      | Reached XP level 7. HP: 61/61 MP: 6/6
  3159 | D:5      | Reached skill level 7 in Axes
  3311 | D:5      | Found Ruqeset's General Store.
  3351 | D:5      | Found Luwahe's Jewellery Boutique.
  3462 | D:5      | Found Koledu Node's Book Boutique.
  3474 | D:5      | Reached skill level 6 in Dodging
  3683 | D:5      | Reached skill level 5 in Armour
  3770 | D:6      | Reached XP level 8. HP: 70/70 MP: 7/7
  3772 | D:6      | Reached skill level 6 in Fighting
  3914 | D:6      | Reached skill level 8 in Axes
  4170 | D:6      | Reached skill level 7 in Dodging
  4535 | D:6      | Reached skill level 6 in Armour
  4652 | D:6      | Reached **** piety under Trog
  4709 | D:6      | Reached XP level 9. HP: 73/78 MP: 8/8
  4719 | D:6      | Reached skill level 9 in Axes
  5227 | D:7      | Reached skill level 7 in Fighting
  5227 | D:7      | Reached skill level 8 in Dodging
  5343 | D:7      | Found a glowing golden altar of the Shining One.
  5514 | D:7      | Found a staircase to the Ecumenical Temple.
  5530 | D:7      | Found a hazy altar of Hepliaklqana.
  6069 | D:8      | Noticed Grum
  6077 | D:8      | Reached skill level 10 in Axes
  6079 | D:8      | Killed Grum
  6080 | D:8      | Reached skill level 7 in Armour
  6230 | D:8      | Reached skill level 9 in Dodging
  7063 | D:9      | Reached XP level 10. HP: 88/88 MP: 9/9
  7122 | D:9      | Noticed an elephant
  7142 | D:8      | Killed an elephant
  7143 | D:8      | Reached skill level 8 in Fighting
  7192 | D:9      | Found a staircase to the Orcish Mines.
  7192 | D:9      | Found a staircase to the Lair.
  7200 | D:9      | Reached skill level 11 in Axes
  7501 | D:9      | Reached skill level 10 in Dodging
  7684 | D:9      | Reached skill level 8 in Armour
  7737 | D:9      | Found a stormy altar of Qazlal.
  8302 | D:10     | Entered Level 10 of the Dungeon
  8428 | D:10     | Reached skill level 12 in Axes
  8430 | D:10     | Reached skill level 9 in Fighting
  9497 | D:10     | Found a portal to a secret trove of treasure.
  9507 | D:10     | Identified a scroll of acquirement
  9509 | D:10     | Acquired the +3 pair of gauntlets of War {Slay+5}
  9509 | D:10     | Found the +3 pair of gauntlets of War {Slay+5}
  9541 | D:11     | Noticed a gargoyle
  9549 | D:11     | Killed a gargoyle
  9550 | D:11     | Reached skill level 11 in Dodging
  9550 | D:11     | Reached XP level 11. HP: 97/97 MP: 10/10
  9644 | D:11     | You fall into a shaft and drop 3 floors!
 10260 | D:13     | Reached skill level 9 in Armour
 10329 | D:12     | Noticed a skeletal warrior
 10332 | D:12     | Noticed a skeletal warrior
 10335 | D:12     | Noticed a skeletal warrior
 10339 | D:11     | Noticed Erolcha
 10339 | D:11     | Noticed Sonja
 10342 | D:11     | Noticed Sonja
 10342 | D:11     | Sonja changed into Sonja the hornet
 10346 | D:11     | Paralysed by Sonja for 1 turns
 10385 | D:11     | Killed Erolcha
 10386 | D:11     | Reached skill level 13 in Axes
 10415 | D:11     | Killed Sonja the hornet
 10748 | D:11     | Noticed Snorg
 10763 | D:11     | Killed Snorg
 10764 | D:11     | Reached skill level 12 in Dodging
 11026 | D:11     | Noticed an eight-headed hydra
 11031 | D:11     | Killed an 11-headed hydra
 11032 | D:11     | Reached skill level 10 in Fighting
 11547 | D:11     | Identified the +1 robe of the Gloaming {Regen+}
 11604 | D:12     | Killed a skeletal warrior
 11610 | D:12     | Killed a skeletal warrior
 11616 | D:12     | Killed a skeletal warrior
 11617 | D:12     | Reached skill level 14 in Axes
 11617 | D:12     | Reached XP level 12. HP: 67/107 MP: 11/11
 11978 | D:5      | Bought a +0 broad axe for 56 gold pieces
 12034 | Temple   | Entered the Ecumenical Temple
 12097 | Orc:1    | Entered Level 1 of the Orcish Mines
 12150 | Orc:1    | Reached skill level 10 in Armour
 12498 | Orc:1    | Reached ***** piety under Trog
 12573 | Orc:1    | Noticed an orc warlord
 12588 | Orc:1    | Killed an orc warlord
 12754 | Lair:1   | Entered Level 1 of the Lair of Beasts
 12768 | Lair:1   | Reached skill level 13 in Dodging
 13055 | Lair:1   | Noticed a four-headed hydra
 13065 | Lair:1   | Killed a nine-headed hydra
 13504 | Lair:1   | Noticed a six-headed hydra
 13514 | Lair:1   | Killed an 11-headed hydra
 13515 | Lair:1   | Reached skill level 11 in Fighting
 14139 | Lair:2   | Reached skill level 15 in Axes
 14337 | Lair:2   | You fall into a shaft and drop 2 floors!
 14577 | Lair:4   | Reached skill level 11 in Armour
 14582 | Lair:4   | Reached skill level 14 in Dodging
 14879 | Lair:4   | Noticed Rupert
 14895 | Lair:4   | Killed Rupert
 14896 | Lair:4   | Reached XP level 13. HP: 100/116 MP: 12/12
 15172 | Lair:4   | Found a hole to the Spider Nest.
 15708 | Lair:4   | Found a staircase to the Swamp.
 16016 | Lair:3   | Noticed Fannar
 16020 | Lair:3   | Killed Fannar
 16021 | Lair:3   | Reached skill level 16 in Axes
 16054 | Lair:3   | Identified the -6 pair of boots of Wanle {Rampage Will+
                  | Int-3 Dex+2}
 16492 | Lair:3   | Reached skill level 12 in Fighting
 16787 | Lair:3   | Reached skill level 15 in Dodging
 17483 | Lair:2   | Reached skill level 12 in Armour
 18040 | Lair:5   | Reached skill level 17 in Axes
 18382 | Lair:5   | Paralysed by a floating eye for 4 turns
 18392 | Lair:5   | Received a gift from Trog
 18392 | Lair:5   | Paralysed by a floating eye for 3 turns
 18393 | Lair:5   | Reached XP level 14. HP: 77/127 MP: 13/13
 18558 | Lair:5   | Found a staircase to the Slime Pits.
 19202 | Lair:6   | Entered Level 6 of the Lair of Beasts
 19202 | Lair:6   | Noticed Josephine
 19209 | Lair:6   | Reached skill level 13 in Armour
 19212 | Lair:6   | Killed Josephine
 19498 | Lair:6   | Reached skill level 13 in Fighting
 19683 | Lair:6   | Reached skill level 18 in Axes
 19761 | Lair:6   | Reached skill level 14 in Armour
 19975 | Lair:6   | Found a white marble altar of Elyvilon.
 19995 | Lair:6   | Reached skill level 15 in Armour
 20467 | Lair:6   | Reached skill level 14 in Fighting
 20559 | Lair:6   | Identified the +6 battleaxe of Ikak Wuh {flame, rF+++ rCorr
                  | Int-5 Stlth+} (Trog gifted it to you on level 6 of the Lair
                  | of Beasts)
 20559 | Lair:6   | Received a gift from Trog
 20563 | Lair:6   | Lost intelligence.
 20753 | Lair:6   | Identified the amulet "Toazavva" {Faith rC+ rN+ Int+4}
 21106 | Orc:2    | Entered Level 2 of the Orcish Mines
 22506 | Orc:2    | Reached skill level 16 in Armour
 22694 | Orc:2    | Reached XP level 15. HP: 97/139 MP: 14/14
 23020 | Orc:2    | Found Jeolimy's Book Boutique.
 23064 | Orc:2    | Found Vitzaof's Magic Scroll Emporium.
 23064 | Orc:2    | Found Ynananev's General Store.
 23066 | Orc:2    | Found Lueliene's Magic Scroll Boutique.
 23068 | Orc:2    | Found Mibiuso's Assorted Antiques.
 23072 | Orc:2    | Bought a scroll of identify for 24 gold pieces
 23305 | Orc:2    | Found a staircase to the Elven Halls.
 23541 | Orc:1    | Received a gift from Trog
 23972 | Spider:1 | Entered Level 1 of the Spider Nest
 24388 | Spider:1 | Noticed an emperor scorpion
 24402 | Spider:1 | Reached skill level 17 in Armour
 24402 | Spider:1 | Killed an emperor scorpion
 24403 | Spider:1 | Reached skill level 15 in Fighting
 25334 | Spider:1 | Reached skill level 18 in Armour
 25351 | Spider:1 | HP: 12/141 [demonic crawler (7)]
 25352 | Spider:1 | HP: 5/141 [tarantella (9)]
 25352 | Spider:1 | Slain by a demonic crawler

Vanquished Creatures
  Rupert (Lair:4)
  An emperor scorpion (Spider:1)
  An orc warlord (Orc:1)
  2 broodmothers (Spider:1)
  2 entropy weavers (Spider:1)
  A spark wasp (Spider:1)
  Snorg (D:11)
  Josephine (Lair:6)
  Fannar (Lair:3)
  Erolcha (D:11)
  A centaur warrior (Orc:1)
  12 hydras
  2 jorogumos (Spider:1)
  An orc high priest (Orc:1)
  13 death yaks
  3 skeletal warriors (D:12)
  A pharaoh ant (Spider:1)
  A goliath frog (Lair:6)
  2 steelbarb worms (Spider:1)
  A lindwurm (Lair:4)
  4 orc knights
  3 wolf spiders (Spider:1)
  2 orc sorcerers (Orc:2)
  5 cyclopes
  A moth of wrath (Spider:1)
  11 elephants
  3 torpor snails (Spider:1)
  A gargoyle (D:11)
  7 black mambas
  An eye of devastation (Lair:5)
  17 cane toads
  An unseen horror (D:13)
  4 rime drakes
  7 demonic crawlers (Spider:1)
  6 komodo dragons
  3 meliai (Spider:1)
  A polar bear (Lair:5)
  3 trolls
  4 tarantellas (Spider:1)
  3 tyrant leeches (Lair:6)
  A hornet (D:11)
  22 blink frogs
  6 jumping spiders (Spider:1)
  7 culicivoras
  7 wraiths
  6 wyverns
  A vampire (D:9)
  64 yaks
  3 basilisks
  32 redbacks
  Grum (D:8)
  3 steam dragons
  3 wargs
  5 vampire mosquitoes (Lair:6)
  A floating eye (Lair:5)
  14 water moccasins
  2 sky beasts
  31 orc warriors
  2 ice beasts
  A necrophage (D:6)
  10 ogres
  7 black bears
  12 wolves
  14 centaurs
  A phantom (D:6)
  A kobold brigand (D:7)
  19 bullfrogs
  2 gnoll sergeants
  4 scorpions
  A water moccasin skeleton (D:5)
  3 electric eels
  6 howler monkeys
  11 centaur zombies
  A hound (D:5)
  A jelly (D:7)
  9 orc priests
  2 centaur skeletons
  A bullfrog skeleton (D:6)
  An iguana (D:4)
  17 orc wizards
  2 hound zombies (D:5)
  A howler monkey zombie (D:6)
  A hound skeleton (D:5)
  14 gnolls
  3 adders
  An ufetubus (D:5)
  An adder zombie (D:5)
  2 adder skeletons
  2 worms
  A dart slug (D:5)
  95 orcs
  6 ball pythons
  3 endoplasms
  4 giant cockroaches
  9 goblins
  6 hobgoblins
  6 kobolds
  5 quokkas
  10 bats
  2 frilled lizards
  2 rats
  A bush (Lair:6)
648 creatures vanquished.

Vanquished Creatures (collateral kills)
  A demonic crawler (Spider:1)
  A centaur (Orc:2)
2 creatures vanquished.

Vanquished Creatures (others)
  An orc wizard (Orc:1)
  An orc (Orc:2)
  A bush (Lair:6)
  50 fungi
  100 plants
153 creatures vanquished.

Grand Total: 803 creatures vanquished

Table legend: (Time is in decaauts)
 A = Elapsed time spent in this place.
 B = Non-inter-level travel time spent in this place.
 C = Inter-level travel time spent in this place.
 D = Time resting spent in this place.
 E = Time spent auto-exploring this place.
 F = Levels seen in this place.
 G = Mean time per level.
                   A        B        C        D        E       F      G
               +--------+--------+--------+--------+--------+-----+--------+
         Total |  25747 |  24627 |   1120 |   7043 |  14089 |  24 | 1072.8 |
       Dungeon |  12262 |  11726 |    536 |   2727 |   7347 |  14 |  875.9 |
        Temple |      1 |      1 |      0 |      0 |      0 |   1 |    1.0 |
          Lair |   9451 |   9041 |    410 |   2416 |   5466 |   6 | 1575.2 |
   Spider Nest |    577 |    577 |      0 |    219 |    107 |   1 |  577.0 |
  Orcish Mines |   3454 |   3282 |    172 |   1680 |   1168 |   2 | 1727.0 |
               +--------+--------+--------+--------+--------+-----+--------+

Top non-repeatable levels by time:
  Lair:4: 2650 daAuts
   Orc:1: 2449 daAuts
  Lair:5: 1721 daAuts
    D:11: 1609 daAuts
  Lair:6: 1549 daAuts
     D:8: 1496 daAuts
  Lair:1: 1443 daAuts
     D:6: 1442 daAuts
  Lair:3: 1258 daAuts
    D:10: 1256 daAuts
     D:5: 1139 daAuts
     D:9: 1053 daAuts
   Orc:2: 1005 daAuts
  Lair:2: 828 daAuts
     D:7: 790 daAuts

Table legend:
 A = Non-vault XP
 B = Vault XP
 C = Vault XP percentage of total XP
 D = Non-vault monster count
 E = Vault monster count
 F = Vault count percentage of total count
                 A         B        C        D         E       F
            +---------+---------+-------+---------+---------+-------
      Total |   95836 |   37617 |  28.2 |     503 |     146 |  22.5
            +---------+---------+-------+---------+---------+-------
        D:1 |      40 |       0 |   0.0 |      22 |       0 |   0.0
        D:2 |      14 |       3 |  17.6 |      10 |       2 |  16.7
        D:3 |     158 |       0 |   0.0 |      23 |       0 |   0.0
        D:4 |     207 |       0 |   0.0 |      20 |       0 |   0.0
        D:5 |     943 |       0 |   0.0 |      22 |       0 |   0.0
        D:6 |    1328 |     168 |  11.2 |      24 |       3 |  11.1
        D:7 |     985 |      49 |   4.7 |      12 |       2 |  14.3
        D:8 |    1032 |     868 |  45.7 |      25 |       4 |  13.8
        D:9 |    2945 |     451 |  13.3 |      30 |       3 |   9.1
       D:10 |    1657 |       0 |   0.0 |      14 |       0 |   0.0
       D:11 |    5280 |    2099 |  28.4 |      16 |       3 |  15.8
       D:12 |    2951 |       0 |   0.0 |       5 |       0 |   0.0
       D:13 |     394 |       0 |   0.0 |       1 |       0 |   0.0
       D:14 |     541 |       0 |   0.0 |       1 |       0 |   0.0
     Lair:1 |    6050 |       0 |   0.0 |      24 |       0 |   0.0
     Lair:2 |    3588 |       0 |   0.0 |      19 |       0 |   0.0
     Lair:3 |    9412 |    1087 |  10.4 |      30 |       2 |   6.2
     Lair:4 |    8101 |    3174 |  28.2 |      30 |       7 |  18.9
     Lair:5 |    9293 |     888 |   8.7 |      19 |       5 |  20.8
     Lair:6 |   18624 |   11370 |  37.9 |      46 |      40 |  46.5
   Spider:1 |   16398 |    9805 |  37.4 |      55 |      17 |  23.6
      Orc:1 |    3300 |    4111 |  55.5 |      42 |      29 |  40.8
      Orc:2 |    2595 |    3544 |  57.7 |      13 |      29 |  69.0
            +---------+---------+-------+---------+---------+-------
